 Dungeon Crawl Stone Soup version 0.17-a0-2127-g1cb09f6 (webtiles) character file.

979 wvc the Ruffian (level 7, 0/57 HPs)
             Began as a Centaur Monk on Oct 23, 2015.
             Slain by an orc warrior
             ... wielding a +0 flail
              (13 damage)
             ... on level 8 of the Dungeon.
             The game lasted 00:10:11 (4917 turns).

wvc the Ruffian (Centaur Monk)                      Turns: 4917, Time: 00:10:11

Health: 0/57       AC: 15    Str: 16    XL:     7   Next: 96%
Magic:  7/7        EV:  7    Int: 11    God:
Gold:   247        SH:  0    Dex: 12    Spells: 0 memorised, 6 levels left

rFire  + + .     SeeInvis .     o - +7 great mace "Firestarter" {inner flame, rF++}
rCold  . . .     Clarity  .     p - +0 pearl dragon armour
rNeg   + + .     SustAt   .     (no shield)
rPois  .         Gourm    .     (helmet restricted)
rElec  .         Spirit   .     w - +1 cloak
rCorr  .         Warding  .     l - +2 pair of gloves
rMut   .         Stasis   .     (no barding)
MR     .....                    (no amulet)
Stlth  ..........               d - ring of positive energy
                                g - +3 ring of strength

@: very quick, not resistant to hostile enchantments, extremely unstealthy
A: antennae 1, hooves 3, blurry vision 1, breathe flames 1, deformed body, speed
2, tough skin 3
a: Breathe Fire


You were on level 8 of the Dungeon.
You were not hungry.

You visited 1 branch of the dungeon, and saw 6 of its levels.
You also visited: Sewer.

You collected 247 gold pieces.

Inventory:

Hand Weapons
 o - the +7 great mace "Firestarter" (weapon) {inner flame, rF++}
   (You found it on level 4 of the Dungeon)

   It has been specially enchanted to burn those struck by it, causing extra
   injury to most foes and up to half again as much damage against particularly
   susceptible opponents.
   It greatly protects you from fire.
Armour
 l - a +2 pair of gloves (worn)
 p - a +0 pearl dragon armour (worn)
 w - a +1 cloak (worn)
Jewellery
 d - a ring of positive energy (right hand)
 g - a +3 ring of strength (left hand)
Wands
 m - a wand of magic darts (41)
Scrolls
 c - a scroll of recharging
 j - 3 scrolls of magic mapping
 n - a scroll of amnesia
 u - 2 scrolls of teleportation
 x - 2 scrolls of remove curse
Potions
 e - a potion of cancellation
 f - a potion of curing
 i - 2 potions of flight
 k - a potion of might
 q - a potion of heal wounds
 r - a potion of berserk rage {unknown}
 s - 2 potions of haste
 t - a potion of brilliance {unknown}
Comestibles
 a - 4 meat rations
 b - 4 bread rations
 h - 6 chunks of flesh
 z - a beef jerky


   Skills:
 - Level 3.0 Fighting
 * Level 1.3 Maces & Flails
 + Level 4.3 Armour
 - Level 2.1 Dodging
 - Level 1.2 Stealth
 - Level 7.9 Unarmed Combat


You had 6 spell levels left.
You didn't know any spells.

Dungeon Overview and Level Annotations

Branches:
Dungeon (8/15)
 Temple: D:4-7         Lair: D:8-11

Altars:
Nemelex Xobeh

Shops:
D:5 }

Portals:
Bailey: D:8


Innate Abilities, Weirdness & Mutations

You have hooves in place of feet.
Armour fits poorly on your strangely shaped body.
You cover ground very quickly.
You have extremely tough skin (AC +3).
You have a pair of small antennae on your head.
Scrolls take you a little longer to read.
You can breathe flames.


Message History

You closely miss the orc warrior.
The orc warrior is almost dead.
The orc warrior barely misses you.
The orc priest miscasts a cantrip.
The orc warrior hits you with a flail.
* * * LOW HITPOINT WARNING * * *
You are too injured to fight recklessly!
Unknown command.
You are too injured to fight recklessly!
You are too injured to fight recklessly!
You are too injured to fight recklessly!
You closely miss the orc warrior.
The orc warrior is almost dead.
The orc warrior hits you with a flail.
* * * LOW HITPOINT WARNING * * *
You hit the orc warrior but do no damage.
You kick the orc warrior, but do no damage.
The orc warrior is almost dead.
The orc warrior hits you with a flail!
You die...

.# #.. ####### #..
.. ....... #.#..
#####▓▓▓######
#.#.
.....▓)▓.....# ..(
.▓▓▓.▓▓▓.▓▓▓.# #.#
.▓)▓r....▓)▓∩###.#
#▓▓▓#####▓▓▓##...#
...............#@#
################o#


#oo .... .(... ####### You could see an orc warrior, an orc priest and an orc
wizard.

Vanquished Creatures
  The ghost of Uberwunderbarhen the Insei, an amateur OpTm (D:4)
  Duvessa (D:5)
  An ice beast (D:4)
  3 giant frogs
  Dowan (D:5)
  2 orc priests (D:4)
  A centaur skeleton (D:4)
  13 adders
  6 river rats
  A shadow imp (D:5)
  2 oozes
  2 worms
  4 orcs (D:4)
  4 giant cockroaches
  4 goblins
  2 hobgoblins
  5 kobolds
  11 ball pythons
  9 bats
  A giant gecko (D:2)
  5 giant newts
  6 jackals
  A jackal skeleton (D:4)
  5 quokkas
  29 rats
120 creatures vanquished.

Notes
Turn   | Place    | Note
--------------------------------------------------------------
     0 | D:1      | wvc the Centaur Monk began the quest for the Orb.
     0 | D:1      | Reached XP level 1. HP: 19/19 MP: 1/1
   165 | D:1      | Reached XP level 2. HP: 19/26 MP: 2/2
   705 | D:2      | Found a sparkling altar of Nemelex Xobeh.
   867 | D:2      | Reached skill level 5 in Unarmed Combat
   867 | D:2      | Reached XP level 3. HP: 31/31 MP: 3/3
  1476 | D:3      | Found a glowing drain.
  1480 | Sewer    | Entered a sewer
  1533 | Sewer    | Reached XP level 4. HP: 7/38 MP: 4/4
  2059 | Sewer    | Reached skill level 6 in Unarmed Combat
  2454 | Sewer    | Reached XP level 5. HP: 35/45 MP: 5/5
  2665 | Sewer    | Reached skill level 1 in Armour
  2917 | Sewer    | Noticed a giant frog
  2917 | Sewer    | Noticed a giant frog
  2938 | Sewer    | Killed a giant frog
  2938 | Sewer    | Reached XP level 6. HP: 51/51 MP: 6/6
  2940 | Sewer    | Killed a giant frog
  3006 | D:3      | Gained mutation: You have a pair of small antennae on your head. [potion of mutation]
  3006 | D:3      | Gained mutation: You can breathe flames. [potion of mutation]
  3006 | D:3      | Gained mutation: Scrolls take you a little longer to read. [potion of mutation]
  3276 | D:4      | Reached skill level 7 in Unarmed Combat
  3637 | D:4      | Noticed Uberwunderbarhen's ghost (amateur OpTm)
  3676 | D:4      | Killed Uberwunderbarhen's ghost
  3676 | D:4      | Reached XP level 7. HP: 26/57 MP: 7/7
  4474 | D:5      | Entered Level 5 of the Dungeon
  4492 | D:5      | Found Kuesij's Gadget Shoppe.
  4610 | D:5      | Noticed Duvessa
  4614 | D:5      | Noticed Dowan
  4624 | D:5      | Killed Duvessa
  4624 | D:5      | Reached skill level 1 in Maces & Flails
  4637 | D:5      | Killed Dowan
  4874 | D:5      | You fall through a shaft for 3 floors!
  4874 | D:8      | Found a flagged portal.
  4917 | D:8      | Slain by an orc warrior

Vault maps used:
D:1:      sevenhm_arrival_forest_fort_large_2
D:2:      lemuel_doored_altar, nicolae_overflow_hidden_temple
D:3:      gup_sewer_entry_bowl
D:5:      grunt_temple_overflow_order_and_chaos_1, nicolae_gozag_seed_capital,
          minmay_temple_entry_nine_rooms, first_bread, serial_shops, shop,
          kennysheep_dice, uniq_duvessa
D:8:      lemuel_coloured_pillars_altar, lair_0_dummy, serial_shops,
          nicolae_shop_temple_entry_statues_fountains, enter_bailey_8
Sewer:    sewer_minmay_w

Action                   |  1- 3 |  4- 6 |  7- 9 || total
-------------------------+-------+-------+-------++-------
Melee: Unarmed           |   125 |   248 |    18 ||   391
       Great mace        |       |       |    54 ||    54
Throw: Throwing net      |       |       |     1 ||     1
  Use: Potion            |       |     6 |     1 ||     7
       Scroll            |       |    13 |     3 ||    16
  Eat: Beef jerky        |     2 |       |       ||     2
       Pizza             |     1 |       |       ||     1
       Chunk             |       |     2 |     1 ||     3
       Fruit             |       |     2 |       ||     2
       Royal jelly       |       |       |     1 ||     1
